TOP OF THE 1ST |
Delmarva Shorebirds batting - Pitching for Cedar Rapids Kernels : LHP Bobby Molina
|
Pitching: LHP Bobby Molina
|
|
Batting: RHB Jeremy Sipe
|
0-0: Ball 1-0: SINGLE (Groundball, 34S, EV 74.4 MPH) (infield hit)
|
Batting: RHB Willie Manrique
|
0-0: Ball 1-0: Ball 2-0: Ball 3-0: Base on Balls Jeremy Sipe to second
|
Batting: RHB Jordan Wallace
|
0-0: Called Strike 0-1: Ball 1-1: Reached on error, E5 (Groundball, 56, EV 83.1 MPH) Jeremy Sipe to third Willie Manrique to second
|
Batting: LHB Raul Rojas
|
0-0: Ball 1-0: Ball 2-0: Called Strike Passed Ball! Jeremy Sipe scores Willie Manrique to third Jordan Wallace to second 2-1: Ball 3-1: Ground out 5-3 (Groundball, 56S, EV 91.2 MPH) Willie Manrique scores
|
Batting: RHB Hunter Neumann
|
0-0: SINGLE (Line Drive, 6D, EV 98.1 MPH) Jordan Wallace to third
|
Batting: RHB Mario Luna
|
0-0: Called Strike 0-1: Ball 1-1: Foul Ball, location: 2F 1-2: Foul Ball, location: 2F 1-2: Foul Ball, location: 2F 1-2: Ball 2-2: Ball 3-2: Base on Balls Hunter Neumann to second
|
Batting: LHB Tim Mulholland
|
0-0: Called Strike 0-1: Fly out, F9 (Line Drive, 9D, EV 90.6 MPH) Runner from 3rd tags up, OUT at HOME! 9-2
|
Top of the 1st over - 2 runs, 2 hits, 1 error, 2 left on base; Delmarva 2 - Cedar Rapids 0 |
BOTTOM OF THE 1ST |
Cedar Rapids Kernels batting - Pitching for Delmarva Shorebirds : RHP Brent Widder
|
Pitching: RHP Brent Widder
|
|
Batting: RHB Jon Avila
|
0-0: Called Strike 0-1: Ball 1-1: Ball 2-1: Foul Ball, location: 2F 2-2: Foul Ball, location: 2F 2-2: Foul Ball, location: 2F 2-2: Strikes out swinging
|
Batting: RHB Manuel Juarez
|
0-0: Called Strike 0-1: Fly out, F8 (Flyball, 8RD, EV 93.8 MPH)
|
Batting: RHB Miguel Diaz
|
0-0: Foul Ball, location: 2F 0-1: Ball 1-1: Ground out 4-3 (Groundball, 4M, EV 102.5 MPH)
|
Bottom of the 1st over - 0 runs, 0 hits, 0 errors, 0 left on base; Delmarva 2 - Cedar Rapids 0 |
TOP OF THE 2ND |
Delmarva Shorebirds batting - Pitching for Cedar Rapids Kernels : LHP Bobby Molina
|
Batting: LHB Rodolfo Montes
|
0-0: Called Strike 0-1: Ground out 4-3 (Groundball, 4, EV 103.1 MPH)
|
Batting: SHB Tyler Myatt
|
0-0: Foul Ball, location: 2F 0-1: Swinging Strike 0-2: Ball 1-2: Foul Ball, location: 2F 1-2: Ball 2-2: Fly out, F8 (Flyball, 8RS, EV 83.8 MPH)
|
Batting: RHB Jeremy Sipe
|
0-0: Called Strike 0-1: Ball 1-1: Foul Ball, location: 2F 1-2: Strikes out swinging
|
Top of the 2nd over - 0 runs, 0 hits, 0 errors, 0 left on base; Delmarva 2 - Cedar Rapids 0 |
BOTTOM OF THE 2ND |
Cedar Rapids Kernels batting - Pitching for Delmarva Shorebirds : RHP Brent Widder
|
Batting: LHB Mike Handrahan
|
0-0: Ball 1-0: Called Strike 1-1: Swinging Strike 1-2: Ball 2-2: Foul Ball, location: 2F 2-2: Strikes out swinging
|
Batting: SHB David Myles
|
0-0: Ball 1-0: Foul Ball, location: 2F 1-1: Swinging Strike 1-2: Ball 2-2: Ball 3-2: SINGLE (Groundball, 34D, EV 98.1 MPH)
|
Batting: LHB Victor Santos
|
0-0: Ball David Myles is caught stealing 2nd base 2-6 1-0: Fly out, F9 (Flyball, 9S, EV 80.0 MPH)
|
Bottom of the 2nd over - 0 runs, 1 hit, 0 errors, 0 left on base; Delmarva 2 - Cedar Rapids 0 |
TOP OF THE 3RD |
Delmarva Shorebirds batting - Pitching for Cedar Rapids Kernels : LHP Bobby Molina
|
Batting: RHB Willie Manrique
|
0-0: Called Strike 0-1: Ground out 4-3 (Groundball, 4, EV 87.5 MPH)
|
Batting: RHB Jordan Wallace
|
0-0: Foul Ball, location: 2F 0-1: Foul Ball, location: 2F 0-2: Strikes out swinging
|
Batting: LHB Raul Rojas
|
0-0: Ball 1-0: Foul Ball, location: 2F 1-1: SINGLE (Line Drive, 9S, EV 90.0 MPH)
|
Batting: RHB Hunter Neumann
|
0-0: Called Strike 0-1: DOUBLE (Line Drive, 78D, EV 97.5 MPH) Raul Rojas to third Runner from 3rd tries for Home, SAFE, no throw by CF
|
Batting: RHB Mario Luna
|
0-0: Ground out 6-3 (Groundball, 6, EV 103.8 MPH)
|
Top of the 3rd over - 1 run, 2 hits, 0 errors, 1 left on base; Delmarva 3 - Cedar Rapids 0 |
BOTTOM OF THE 3RD |
Cedar Rapids Kernels batting - Pitching for Delmarva Shorebirds : RHP Brent Widder
|
Batting: LHB Kai Baker
|
0-0: Ground out 3-1 (Groundball, 34, EV 93.1 MPH)
|
Batting: SHB Humberto Amaya
|
0-0: Called Strike 0-1: Ball 1-1: Foul Ball, location: 2F 1-2: Ball 2-2: Strikes out swinging
|
Batting: RHB Jake Wirthlin
|
0-0: Called Strike 0-1: Ground out 5-3 (Groundball, 56S, EV 65.6 MPH)
|
Bottom of the 3rd over - 0 runs, 0 hits, 0 errors, 0 left on base; Delmarva 3 - Cedar Rapids 0 |
TOP OF THE 4TH |
Delmarva Shorebirds batting - Pitching for Cedar Rapids Kernels : LHP Bobby Molina
|
Batting: LHB Tim Mulholland
|
0-0: Foul Ball, location: 2F 0-1: SINGLE (Flyball, 89S, EV 91.2 MPH)
|
Batting: LHB Rodolfo Montes
|
0-0: Called Strike 0-1: Called Strike 0-2: Strikes out swinging
|
Batting: SHB Tyler Myatt
|
0-0: Foul Ball, location: 2F 0-1: Ball 1-1: Ball 2-1: Called Strike 2-2: Foul Ball, location: 2F 2-2: Strikes out looking
|
Batting: RHB Jeremy Sipe
|
0-0: Ball 1-0: Swinging Strike 1-1: Ball 2-1: Foul Ball, location: 2F 2-2: Foul Ball, location: 2F 2-2: Ball 3-2: Strikes out swinging
|
Top of the 4th over - 0 runs, 1 hit, 0 errors, 1 left on base; Delmarva 3 - Cedar Rapids 0 |
BOTTOM OF THE 4TH |
Cedar Rapids Kernels batting - Pitching for Delmarva Shorebirds : RHP Brent Widder
|
Batting: RHB Jon Avila
|
0-0: Ground out U3 (Groundball, 3, EV 87.5 MPH)
|
Batting: RHB Manuel Juarez
|
0-0: Ball 1-0: Fly out, F8 (Flyball, 8LD, EV 81.2 MPH)
|
Batting: RHB Miguel Diaz
|
0-0: Called Strike 0-1: Foul Ball, location: 2F 0-2: Foul Ball, location: 2F 0-2: Ball 1-2: Ball 2-2: SINGLE (Line Drive, 9S, EV 100.0 MPH)
|
Batting: LHB Mike Handrahan
|
0-0: Called Strike 0-1: Ball 1-1: Ball 2-1: Ground out 4-3 (Groundball, 34, EV 84.4 MPH)
|
Bottom of the 4th over - 0 runs, 1 hit, 0 errors, 1 left on base; Delmarva 3 - Cedar Rapids 0 |
TOP OF THE 5TH |
Delmarva Shorebirds batting - Pitching for Cedar Rapids Kernels : LHP Bobby Molina
|
Batting: RHB Willie Manrique
|
0-0: Foul Ball, location: 2F 0-1: Ball 1-1: Swinging Strike 1-2: Ball 2-2: Ball 3-2: Base on Balls
|
Batting: RHB Jordan Wallace
|
0-0: Fly out, F7 (Flyball, 7LM, EV 96.2 MPH)
|
Batting: LHB Raul Rojas
|
0-0: Called Strike 0-1: Ball 1-1: Ball 2-1: Foul Ball, location: 2F 2-2: Foul Ball, location: 2F 2-2: Ball 3-2: Fielders Choice at 2nd, 3-6 (Groundball, 34S, EV 81.9 MPH)
|
Pitching: RHP Bruce Wight
|
|
Batting: RHB Hunter Neumann
|
0-0: Ball 1-0: Ball 2-0: Ball 3-0: Base on Balls Raul Rojas to second
|
Batting: RHB Mario Luna
|
0-0: Ball 1-0: Called Strike 1-1: Ball 2-1: Foul Ball, location: 2F 2-2: Foul Ball, location: 2F 2-2: Fly out, F4 (Popup, 34, EV 58.1 MPH)
|
Top of the 5th over - 0 runs, 0 hits, 0 errors, 2 left on base; Delmarva 3 - Cedar Rapids 0 |
BOTTOM OF THE 5TH |
Cedar Rapids Kernels batting - Pitching for Delmarva Shorebirds : RHP Brent Widder
|
Batting: SHB David Myles
|
0-0: Ball 1-0: Called Strike 1-1: Foul Ball, location: 2F 1-2: Strikes out looking
|
Batting: LHB Victor Santos
|
0-0: Foul Ball, location: 2F 0-1: Ball 1-1: Ball 2-1: Foul Ball, location: 2F 2-2: Strikes out looking
|
Batting: LHB Kai Baker
|
0-0: Ball 1-0: Ground out 1-3 (Groundball, 15S, EV 68.1 MPH)
|
Bottom of the 5th over - 0 runs, 0 hits, 0 errors, 0 left on base; Delmarva 3 - Cedar Rapids 0 |
TOP OF THE 6TH |
Delmarva Shorebirds batting - Pitching for Cedar Rapids Kernels : RHP Bruce Wight
|
Batting: LHB Tim Mulholland
|
0-0: Ball 1-0: Ball 2-0: Ball 3-0: Foul Ball, location: 2F 3-1: Foul Ball, location: 2F 3-2: Ground out 5-3 (Groundball, 56D, EV 77.5 MPH)
|
Batting: LHB Rodolfo Montes
|
0-0: Ball 1-0: Ball 2-0: Called Strike 2-1: Swinging Strike 2-2: Ground out U3 (Groundball, 34, EV 85.0 MPH)
|
Batting: SHB Tyler Myatt
|
0-0: Ball 1-0: Foul Ball, location: 2F 1-1: Ball 2-1: Foul Ball, location: 2F 2-2: Strikes out swinging
|
Top of the 6th over - 0 runs, 0 hits, 0 errors, 0 left on base; Delmarva 3 - Cedar Rapids 0 |
BOTTOM OF THE 6TH |
Cedar Rapids Kernels batting - Pitching for Delmarva Shorebirds : RHP Brent Widder
|
Batting: SHB Humberto Amaya
|
0-0: Fly out, F7 (Line Drive, 7, EV 103.1 MPH)
|
Batting: RHB Jake Wirthlin
|
0-0: Called Strike 0-1: Ball 1-1: Ball 2-1: SINGLE (Groundball, 4D, EV 105.6 MPH)
|
Batting: RHB Jon Avila
|
0-0: Ball 1-0: 2-RUN HOME RUN (Flyball, 78XD, EV 98.1 MPH), Distance : 395 ft
|
Batting: RHB Manuel Juarez
|
0-0: Ground out 6-3 (Groundball, 6, EV 83.8 MPH)
|
Batting: RHB Miguel Diaz
|
0-0: Called Strike 0-1: Ground out 4-3 (Groundball, 34, EV 110.0 MPH)
|
Bottom of the 6th over - 2 runs, 2 hits, 0 errors, 0 left on base; Delmarva 3 - Cedar Rapids 2 |
TOP OF THE 7TH |
Delmarva Shorebirds batting - Pitching for Cedar Rapids Kernels : RHP Bruce Wight
|
Pitching: RHP Steven Legge
|
|
Batting: RHB Jeremy Sipe
|
0-0: Ball 1-0: Called Strike 1-1: Foul Ball, location: 2F 1-2: Ball 2-2: Ball 3-2: DOUBLE (Flyball, 8LXD, EV 95.0 MPH)
|
Batting: RHB Willie Manrique
|
0-0: Ball Jeremy Sipe steals 3rd base 1-0: Ball 2-0: Called Strike 2-1: Ball 3-1: Foul Ball, location: 2F 3-2: Foul Ball, location: 2F 3-2: Foul Ball, location: 2F 3-2: Base on Balls
|
Batting: RHB Jordan Wallace
|
0-0: Ball 1-0: Foul Ball, location: 2F 1-1: Foul Ball, location: 2F 1-2: Ball 2-2: Foul Ball, location: 2F 2-2: Foul Ball, location: 2F 2-2: SINGLE (Line Drive, 6M, EV 106.9 MPH) Jeremy Sipe scores Willie Manrique to second
|
Batting: LHB Raul Rojas
|
0-0: Called Strike 0-1: Reaches on Catchers interference Willie Manrique to third Jordan Wallace to second
|
Batting: RHB Hunter Neumann
|
0-0: Fly out, F3 (Popup, 34S, EV 73.1 MPH)
|
Batting: RHB Mario Luna
|
0-0: Ball 1-0: Called Strike 1-1: Fly out, F8 (Line Drive, 8LM, EV 90.6 MPH) Runner from 3rd tags up, SCORES, throw by CF
|
Batting: LHB Tim Mulholland
|
0-0: Ball 1-0: Ball 2-0: Swinging Strike 2-1: Ball 3-1: Base on Balls Jordan Wallace to third Raul Rojas to second
|
Pitching: RHP Andy Symons
|
|
Batting: LHB Rodolfo Montes
|
0-0: Ball 1-0: Ball 2-0: SINGLE (Groundball, 6D, EV 100.0 MPH) Jordan Wallace scores Raul Rojas to third Tim Mulholland to second Runner from 3rd tries for Home, SAFE, throw by LF to home
|
Batting: SHB Tyler Myatt
|
0-0: Called Strike 0-1: Ball 1-1: Ball 2-1: Ball 3-1: Foul Ball, location: 2F 3-2: DOUBLE (Line Drive, 9LM, EV 103.8 MPH) Tim Mulholland scores Rodolfo Montes to third Rodolfo Montes scores
|
Batting: RHB Jeremy Sipe
|
0-0: Called Strike 0-1: Ball 1-1: Reached on error, E9 (Flyball, 9LS, EV 93.1 MPH) Tyler Myatt scores
|
Batting: RHB Willie Manrique
|
0-0: Called Strike 0-1: Ground out 4-3 (Groundball, 4, EV 80.6 MPH)
|
Top of the 7th over - 7 runs, 4 hits, 2 errors, 1 left on base; Delmarva 10 - Cedar Rapids 2 |
BOTTOM OF THE 7TH |
Cedar Rapids Kernels batting - Pitching for Delmarva Shorebirds : RHP Brent Widder
|
Batting: LHB Mike Handrahan
|
0-0: Ball 1-0: Ground out U3 (Groundball, 3, EV 85.6 MPH)
|
Batting: SHB David Myles
|
0-0: Called Strike 0-1: Ground out 6-3 (Groundball, 6, EV 88.8 MPH)
|
Pinch Hitting: RHB Ulbrecht Bernstein
|
0-0: Fly out, F7 (Flyball, 7, EV 93.1 MPH)
|
Bottom of the 7th over - 0 runs, 0 hits, 0 errors, 0 left on base; Delmarva 10 - Cedar Rapids 2 |
TOP OF THE 8TH |
Delmarva Shorebirds batting - Pitching for Cedar Rapids Kernels : RHP Andy Symons
|
Now at 1B: Ulbrecht Bernstein
|
|
Batting: RHB Jordan Wallace
|
0-0: Called Strike 0-1: Swinging Strike 0-2: Ball 1-2: Foul Ball, location: 2F 1-2: Foul Ball, location: 2F 1-2: Ball 2-2: Foul Ball, location: 2F 2-2: Foul Ball, location: 2F 2-2: Foul Ball, location: 2F 2-2: Strikes out swinging, 2-3 out at first.
|
Pitching: RHP Jerry McGee
|
|
Batting: LHB Raul Rojas
|
0-0: Foul Ball, location: 2F 0-1: Foul Ball, location: 2F 0-2: Strikes out swinging
|
Batting: RHB Hunter Neumann
|
0-0: Swinging Strike 0-1: Ball 1-1: Ball 2-1: Ball 3-1: Foul Ball, location: 2F 3-2: Strikes out swinging
|
Top of the 8th over - 0 runs, 0 hits, 0 errors, 0 left on base; Delmarva 10 - Cedar Rapids 2 |
BOTTOM OF THE 8TH |
Cedar Rapids Kernels batting - Pitching for Delmarva Shorebirds : RHP Brent Widder
|
Batting: LHB Kai Baker
|
0-0: Called Strike 0-1: Ball 1-1: Foul Ball, location: 2F 1-2: Ground out 6-3 (Groundball, 6, EV 77.5 MPH)
|
Batting: SHB Humberto Amaya
|
0-0: Called Strike 0-1: Ball 1-1: Swinging Strike 1-2: Foul Ball, location: 2F 1-2: Ball 2-2: Strikes out swinging
|
Batting: RHB Jake Wirthlin
|
0-0: SINGLE (Groundball, 34D, EV 93.8 MPH)
|
Pinch Hitting: LHB Robby Bryant
|
0-0: Ball 1-0: Ground out 4-3 (Groundball, 4, EV 86.9 MPH)
|
Bottom of the 8th over - 0 runs, 1 hit, 0 errors, 1 left on base; Delmarva 10 - Cedar Rapids 2 |
TOP OF THE 9TH |
Delmarva Shorebirds batting - Pitching for Cedar Rapids Kernels : RHP Jerry McGee
|
Now in CF: Robby Bryant
|
|
Batting: RHB Mario Luna
|
0-0: Ball 1-0: Foul Ball, location: 2F 1-1: Foul Ball, location: 2F 1-2: Strikes out looking
|
Batting: LHB Tim Mulholland
|
0-0: Foul Ball, location: 2F 0-1: Ball 1-1: Foul Ball, location: 2F 1-2: Ground out 4-3 (Groundball, 4D, EV 96.2 MPH)
|
Batting: LHB Rodolfo Montes
|
0-0: Ball 1-0: Fly out, F5 (Popup, 5F, EV 62.5 MPH)
|
Top of the 9th over - 0 runs, 0 hits, 0 errors, 0 left on base; Delmarva 10 - Cedar Rapids 2 |
BOTTOM OF THE 9TH |
Cedar Rapids Kernels batting - Pitching for Delmarva Shorebirds : RHP Brent Widder
|
Pitching: RHP Mike Wheeler
|
|
Pinch Hitting: SHB Chris Ortiz
|
0-0: Ball 1-0: Ball 2-0: Called Strike 2-1: Swinging Strike 2-2: Strikes out swinging
|
Batting: RHB Miguel Diaz
|
0-0: Called Strike 0-1: Called Strike 0-2: Ball 1-2: Strikes out swinging
|
Batting: LHB Mike Handrahan
|
0-0: Called Strike 0-1: SINGLE (Line Drive, 8RS, EV 89.4 MPH)
|
Batting: SHB David Myles
|
0-0: Ball 1-0: Foul Ball, location: 2F 1-1: Swinging Strike 1-2: Ball Passed Ball! Mike Handrahan to second 2-2: Ball 3-2: Ground out 4-3 (Groundball, 4, EV 81.9 MPH)
|
Bottom of the 9th over - 0 runs, 1 hit, 0 errors, 1 left on base; Delmarva 10 - Cedar Rapids 2 |
|